 Dungeon Crawl Stone Soup version 0.17.1-3-g152610e (webtiles) character file.

69 Kaname the Slasher (level 3, -10/29 HPs)
             Began as a Demigod Skald on Mar 11, 2016.
             Killed from afar by Natasha (13 damage)
             ... with a wand of frost
             ... on level 2 of the Dungeon.
             The game lasted 00:03:48 (1165 turns).

Kaname the Slasher (Demigod Skald)                  Turns: 1165, Time: 00:03:48

Health: -10/29     AC:  7    Str: 17 (18) XL:     3   Next: 75%
Magic:  6/8        EV: 11    Int: 18      God:
Gold:   29         SH:  0    Dex: 15      Spells: 2 memorised, 2 levels left

rFire  . . .     SeeInvis .     a - +0 falchion
rCold  . . .     Clarity  .     b - +0 leather armour
rNeg   . . .     SustAt   +     (no shield)
rPois  .         Gourm    .     f - +2 helmet
rElec  .         Spirit   .     (no cloak)
rCorr  .         Warding  .     (no gloves)
rMut   .         Stasis   .     k - +0 pair of boots
MR     .....                    (no amulet)
Stlth  +.........               (no ring)
                                g - +3 ring of strength

@: infused, drained, not resistant to hostile enchantments, very unstealthy
A: high mp 1, sustain attributes
a: no special abilities


You were on level 2 of the Dungeon.
You were not hungry.

You visited 1 branch of the dungeon, and saw 2 of its levels.

You collected 29 gold pieces.

Inventory:

Hand Weapons
 a - a +0 falchion (weapon)
Armour
 b - a +0 leather armour (worn)
 f - a +2 helmet (worn)
 k - a +0 pair of boots (worn)
Jewellery
 g - a +3 ring of strength (left hand)
Scrolls
 e - a scroll of recharging {unknown}
 i - 3 scrolls of identify {unknown}
 j - a scroll of enchant weapon {unknown}
Potions
 h - a potion of curing {unknown}
Books
 c - a book of Battle

   Spells                             Type                      Level
   a - Infusion                       Charms                       1
   b - Shroud of Golubria             Charms/Translocation         2
   c - Song of Slaying                Charms                       2
   d - Spectral Weapon                Hexes/Charms                 3
   e - Regeneration                   Charms/Necromancy            3
Comestibles
 d - 2 bread rations
 l - 2 chunks of flesh


   Skills:
 - Level 1.7(1.5) Fighting
 * Level 3.9(3.7) Long Blades
 - Level 0.8(0.6) Armour
 - Level 0.8(0.6) Dodging
 - Level 1.7(1.5) Spellcasting
 - Level 2.6(2.4) Charms


You had 2 spell levels left.
You knew the following spells:

 Your Spells              Type           Power        Failure   Level  Hunger
a - Infusion              Chrm           ##....       12%         1    ##.....
b - Song of Slaying       Chrm           ##......     14%         2    ###....


Dungeon Overview and Level Annotations

Branches:
Dungeon (2/15)

Annotations:
D:2 Natasha


Innate Abilities, Weirdness & Mutations

You have an increased reservoir of magic (+10% MP).
Your attributes are resistant to harm.


Message History

Natasha wildly gestures.
Natasha shimmers violently.
Natasha closely misses you.
You barely miss Natasha.
Natasha extends her claws.
Natasha zaps a wand.
The puff of frost hits you!
You hit Natasha.
Natasha is heavily wounded.
The kobold throws a stone.
The stone hits you but does no damage. Natasha claws you.
The kobold hits you but does no damage.
The kobold throws a stone.
The stone hits you but does no damage.
You hit Natasha.
Natasha is almost dead.
Natasha barely misses you. The kobold closely misses you.
The kobold hits you with a dagger of draining.
* * * LOW HITPOINT WARNING * * *
You feel drained.
* * * LOW HITPOINT WARNING * * *
Natasha zaps a wand.
The puff of frost hits you!
You die...

#..........##
#...........
#.........#
#.........#
#.........###
#.(..........
#.........##
#.(.......#
#####@........#
#....K(#######...
##.####Kh# .#
###### ##..#
##.... . ..(<.#
###..#### #..#..#
# ....†###...##
..# ..#.##.
.........###
.h.##.#.##.
.......###
....#$#...
...<...#
....K....# #


You could see Natasha and 2 kobolds.

Vanquished Creatures
  Natasha (twice) (D:2)
  An adder (D:1)
  A worm (D:1)
  A giant gecko (D:1)
  A ball python (D:1)
  3 giant cockroaches (D:1)
  2 goblins
  3 hobgoblins (D:1)
  2 bats (D:1)
  2 giant newts (D:1)
  4 kobolds
  2 rats (D:1)
24 creatures vanquished.

Notes
Turn   | Place    | Note
--------------------------------------------------------------
     0 | D:1      | Kaname the Demigod Skald began the quest for the Orb.
     0 | D:1      | Reached XP level 1. HP: 17/17 MP: 5/5
   158 | D:1      | Reached XP level 2. HP: 18/24 MP: 7/7
   199 | D:1      | Learned a level 2 spell: Song of Slaying
   604 | D:2      | Noticed Natasha
   612 | D:1      | Reached skill level 3 in Long Blades
   692 | D:1      | Reached XP level 3. HP: 7/29 MP: 5/8
   989 | D:2      | Killed Natasha
   996 | D:2      | Noticed Natasha
  1009 | D:2      | Killed Natasha
  1157 | D:2      | Noticed Natasha
  1165 | D:2      | Killed from afar by Natasha

Action                   || total
-------------------------++-------
Melee: Falchion          ||    60
 Cast: Infusion          ||     4
  Use: Potion            ||     2
 Stab: Sleeping          ||     1
       Distracted        ||     1
  Eat: Chunk             ||     1
